[Event "Late-Titled-Tuesday-Blitz-January-16-2024"]
[Site "Chess.com"]
[Date "2024.01.16"]
[Round "1"]
[White "KnobbedHornbill"]
[Black "jcibarra"]
[Result "0-1"]
[WhiteElo "2478"]
[BlackElo "2890"]
[TimeControl "180+1"]
[EndTime "14:01:24 PST"]
[Termination "jcibarra won by resignation"]

1. d4 Nf6 2. c4 d6 3. g3 e5 4.
Nf3 e4 5. Nfd2 c6 6. d5 cxd5 7.
cxd5 e3 8. fxe3 Nxd5 9. Nc4 Nf6 10. Bg2 d5 11. Ne5 Bc5 12. O-O O-O 13. Qc2 Qe7 14.
Nc3 Qxe5 0-1

[Event "Late-Titled-Tuesday-Blitz-January-16-2024"]
[Site "Chess.com"]
[Date "2024.01.16"]
[Round "1"]
[White "A-Fier"]
[Black "tolimachess"]
[Result "1-0"]
[WhiteElo "2763"]
[BlackElo "2425"]
[TimeControl "180+1"]
[EndTime "14:02:13 PST"]
[Termination "A-Fier won by checkmate"]

1. e4 c5 2. Nc3 Nc6 3. Bb5 Nd4 4. Bc4 g6 5. h4 h6 6. h5 g5 7.
d3 Bg7 8. f4 e6 9. fxg5 hxg5 10.
Nf3 Nxf3+ 11. Qxf3 a6 12. a4 Qa5 13. O-O Bd4+ 14. Be3 f6 15. e5 Bxe5 16. Rae1 Qc7 17. Bxg5 Bd4+ 18. Be3 Bxe3+ 19. Rxe3 f5 20. Qxf5 Ne7 21.
Qf7+ Kd8 22. Qf8+ Rxf8 23. Rxf8# 1-0

[Event "Late-Titled-Tuesday-Blitz-January-16-2024"]
[Site "Chess.com"]
[Date "2024.01.16"]
[Round "1"]
[White "Lion-Al-Messi"]
[Black "EcosseKillie"]
[Result "1-0"]
[WhiteElo "2612"]
[BlackElo "2259"]
[TimeControl "180+1"]
[EndTime "14:02:55 PST"]
[Termination "Lion-Al-Messi won by resignation"]

1. e4 Nf6 2. e5 Nd5 3. d4 d6 4. Nf3 dxe5 5. Nxe5 g6 6. c4 Nb6 7. Nc3 Bg7 8. Bf4 O-O 9. Be2 N8d7 10. Nf3 c5 11. d5 Nf6 12. O-O Bg4 13. Ne5 Bxe2 14.
Qxe2 Nbd7 15. Rfe1 Nxe5 16. Bxe5 Qd7 17. Rad1 Rfe8 18.
h3 b6 19. Nb5 a6 20. Nc7 Rac8 21. Nxe8 Rxe8 22. b3 b5 23. Qf3 b4 24. d6 1-0

[Event "Late-Titled-Tuesday-Blitz-January-16-2024"]
[Site "Chess.com"]
[Date "2024.01.16"]
[Round "1"]
[White "BilodeauA"]
[Black "Practical-Play"]
[Result "1-0"]
[WhiteElo "2903"]
[BlackElo "2491"]
[TimeControl "180+1"]
[EndTime "14:02:56 PST"]
[Termination "BilodeauA won by resignation"]

1. e4 e5 2. Nf3 Nc6 3. Bc4 Bc5 4.
d3 Nf6 5. Nc3 d6 6. h3 O-O 7. a4 Be6 8. Bg5 h6 9. Bh4 g5 10. Bg3 Nh5 11. Qd2 Nd4 12. Nxd4 Bxd4 13. Bh2 c6 14. Ne2 Bb6 15. h4 d5 16. exd5 Bxd5 17. Bxd5 Qxd5 18. hxg5 Qxg2 19. O-O-O Qxf2 20. Bg1 Qg2 21. Rxh5 1-0

[Event "Late-Titled-Tuesday-Blitz-January-16-2024"]
[Site "Chess.com"]
[Date "2024.01.16"]
[Round "1"]
[White "Statham_01"]
[Black "KSho99"]
[Result "0-1"]
[WhiteElo "2544"]
[BlackElo "2169"]
[TimeControl "180+1"]
[EndTime "14:02:56 PST"]
[Termination "KSho99 won by checkmate"]

1. e4 c6 2. d4 d5 3. f3 dxe4 4. fxe4 e5 5. Nf3 Bg4 6. Bc4 Nd7 7. c3 Ngf6 8. Qb3 Bh5 9. Qxb7 Be7 10. Nxe5 Nxe5 11.
dxe5 Qd1+ 12. Kf2 Nxe4+ 13. Ke3 Bg5+ 14. Kxe4 Bg6# 0-1

[Event "Late-Titled-Tuesday-Blitz-January-16-2024"]
[Site "Chess.com"]
[Date "2024.01.16"]
[Round "1"]
[White "AkatsukiLogHorizon"]
[Black "Yurovskykh_Oleksandr"]
[Result "1-0"]
[WhiteElo "2284"]
[BlackElo "2602"]
[TimeControl "180+1"]
[EndTime "14:02:58 PST"]
[Termination "AkatsukiLogHorizon won by resignation"]

1. e4 e6 2. d4 d5 3. Nc3 dxe4 4.
Nxe4 Bd7 5. Bg5 Be7 6. Bxe7 Qxe7 7. c3 Bc6 8. Ng3 Nf6 9. Nf3 Nbd7 10. Bd3 O-O 11.
O-O Bd5 12. Nd2 c5 13. c4 Bc6 14. dxc5 Nxc5 15. Bc2 Rfd8 16. Qe2 b6 17. b3 a5 18. Nde4 Nfxe4 19. Nxe4 1-0

[Event "Late-Titled-Tuesday-Blitz-January-16-2024"]
[Site "Chess.com"]
[Date "2024.01.16"]
[Round "1"]
[White "a_kandil"]
[Black "jefferyx"]
[Result "0-1"]
[WhiteElo "2515"]
[BlackElo "2998"]
[TimeControl "180+1"]
[EndTime "14:03:18 PST"]
[Termination "jefferyx won by resignation"]

1. e4 c5 2. Nf3 d6 3. d4 cxd4 4.
Nxd4 Nf6 5. Nc3 a6 6. Bg5 Nbd7 7.
Qe2 h6 8. Bh4 g6 9. Bg3 e5 10.
Nb3 b5 11. O-O-O Bb7 12. f4 Qc7 13. Nd5 Bxd5 14. exd5 Nh5 15. fxe5 Nxg3 16. hxg3 Nxe5 17. Qe4 Bg7 18. Kb1 O-O 19. g4 Rfe8 20. Qf4 Nc4 21.
c3 Nxb2 22. Rc1 Na4 0-1

[Event "Late-Titled-Tuesday-Blitz-January-16-2024"]
[Site "Chess.com"]
[Date "2024.01.16"]
[Round "1"]
[White "Aguiar94"]
[Black "maurovargas01"]
[Result "1-0"]
[WhiteElo "2531"]
[BlackElo "1851"]
[TimeControl "180+1"]
[EndTime "14:03:20 PST"]
[Termination "Aguiar94 won by resignation"]

1. e4 c5 2. Nf3 d6 3. d4 cxd4 4. Qxd4 Nc6 5. Bb5 Bd7 6. Bxc6 Bxc6 7. Bg5 Nf6 8. Nc3 h6 9. Bxf6 gxf6 10. O-O-O Rg8 11. g3 Qd7 12. Rhe1 O-O-O 13. Qxa7 Qc7 14. Nd4 Bg7 15. Ndb5 Qb8 16. Qb6 h5 17. Kb1 Bh6 18. Nd5 Rd7 19. Na7+ 1-0

[Event "Late-Titled-Tuesday-Blitz-January-16-2024"]
[Site "Chess.com"]
[Date "2024.01.16"]
[Round "1"]
[White "FredyMatsuura"]
[Black "AmanteDeMoi"]
[Result "0-1"]
[WhiteElo "2160"]
[BlackElo "2564"]
[TimeControl "180+1"]
[EndTime "14:03:22 PST"]
[Termination "AmanteDeMoi won by resignation"]

1. d4 g6 2. e4 Bg7 3. Nf3 c6 4. Nc3 d5 5. h3 dxe4 6. Nxe4 Nd7 7. Bc4 Ngf6 8. Nxf6+ Nxf6 9. O-O O-O 10. Re1 Qc7 11.
c3 c5 12. Qe2 cxd4 13. Nxd4 e5 14. Nb5 Qc6 15. Na3 a6 16. Bg5 b5 17. Bb3 Bb7 18.
f3 Nh5 19. Rad1 Qc5+ 20. Qf2 Qc7 21. Nc2 h6 22. Be3 Rfd8 23. Nb4 0-1

[Event "Late-Titled-Tuesday-Blitz-January-16-2024"]
[Site "Chess.com"]
[Date "2024.01.16"]
[Round "1"]
[White "copanchess"]
[Black "XeresLt"]
[Result "0-1"]
[WhiteElo "2150"]
[BlackElo "2560"]
[TimeControl "180+1"]
[EndTime "14:03:29 PST"]
[Termination "XeresLt won by resignation"]

1. e4 c5 2. d4 cxd4 3. c3 d3 4.
Bxd3 Nc6 5. Nf3 d6 6. O-O g6 7. Qe2 Bg4 8. h3 Bxf3 9. Qxf3 Bg7 10. Qe2 Nf6 11. Bg5 O-O 12. Rd1 Qc7 13. a4 a6 14.
Na3 Ne5 15. Bc2 h6 16. Bf4 Rac8 17. Bxe5 dxe5 18. Bd3 Nh5 19. g3 Nf6 20. Nc4 Rfd8 21. Ne3 e6 22. Bc2 Nd7 23. f3 Qb6 24. Kg2 Qxb2 25.
Rab1 Qxc3 26. Rxb7 Nc5 27. Rxd8+ Rxd8 28. Rb3 Nxb3 0-1

[Event "Late-Titled-Tuesday-Blitz-January-16-2024"]
[Site "Chess.com"]
[Date "2024.01.16"]
[Round "1"]
[White "annasargsyan_m"]
[Black "glebus008"]
[Result "0-1"]
[WhiteElo "2601"]
[BlackElo "2293"]
[TimeControl "180+1"]
[EndTime "14:03:57 PST"]
[Termination "glebus008 won by resignation"]

1. d4 d5 2. Nf3 Nf6 3. c4 e6 4. Nc3 Be7 5. Bf4 c5 6. cxd5 Nxd5 7. e4 Nxf4 8. Bb5+ Bd7 9. Bc4 Nxg2+ 10. Kf1 Nf4 11.
Qd2 Ng6 12. h4 cxd4 13. Qxd4 Bf6 14. Qe3 Nxh4 15. e5 Nxf3 16. exf6 Qxf6 17. Ne4 Qd4 18.
Qxf3 Qxc4+ 19. Kg2 Qxe4 0-1

[Event "Late-Titled-Tuesday-Blitz-January-16-2024"]
[Site "Chess.com"]
[Date "2024.01.16"]
[Round "1"]
[White "IgorBjelobrk"]
[Black "Zampronha1971"]
[Result "1-0"]
[WhiteElo "2644"]
[BlackElo "2335"]
[TimeControl "180+1"]
[EndTime "14:04:00 PST"]
[Termination "IgorBjelobrk won by resignation"]

1. d4 Nf6 2. c4 e6 3. g3 c5 4. d5 exd5 5. cxd5 d6 6. Nc3 g6 7. Nf3 Bg7 8. Bg2 O-O 9. O-O Re8 10. Re1 a6 11. a4 Bf5 12. Nd2 Qd7 13. Nc4 Qc7 14.
Bf4 Rd8 15. e4 Bg4 16. f3 Bc8 17. a5 Nh5 18. Bg5 Bf6 19. Bxf6 Nxf6 20. f4 Nbd7 21. e5 Ne8 22. e6 Ndf6 23. Nb6 Rb8 24. e7 Rd7 25.
Nxd7 Bxd7 26. Ne4 Nxe4 27. Bxe4 b5 28. axb6 Rxb6 29. Re2 Bg4 30. Qa4 Qxe7 31. Bf3 1-0

[Event "Late-Titled-Tuesday-Blitz-January-16-2024"]
[Site "Chess.com"]
[Date "2024.01.16"]
[Round "1"]
[White "2346PL"]
[Black "FairChess_on_YouTube"]
[Result "0-1"]
[WhiteElo "2523"]
[BlackElo "3096"]
[TimeControl "180+1"]
[EndTime "14:04:08 PST"]
[Termination "FairChess_on_YouTube won by resignation"]

1. d4 Nf6 2. Bg5 c6 3. Nd2 Qb6 4. Nb3 a5 5. a4 Ne4 6. Be3 d5 7. f3 Nd6 8. Bf2 Bf5 9. e3 Na6 10. g4 Bg6 11. h4 Nb4 12. Bd3 Nxd3+ 13. cxd3 h5 14. Ne2 hxg4 15. fxg4 e6 16. Nf4 Bh7 17. Qc2 Nc4 18. O-O Be7 19. g5 Nd6 20. Nc5 Bf5 21. Rfb1 Bg4 22. Be1 Nf5 23. Qf2 Nxh4 24.
g6 Nf3+ 25. Kf1 Rh1+ 26. Ke2 Nxd4+ 27. Kd2 Qb4+ 0-1

[Event "Late-Titled-Tuesday-Blitz-January-16-2024"]
[Site "Chess.com"]
[Date "2024.01.16"]
[Round "1"]
[White "bazar-wokzal"]
[Black "dorpato"]
[Result "1-0"]
[WhiteElo "2560"]
[BlackElo "2145"]
[TimeControl "180+1"]
[EndTime "14:04:10 PST"]
[Termination "bazar-wokzal won by resignation"]

1. e4 c5 2. c3 Nf6 3. e5 Nd5 4.
d4 cxd4 5. cxd4 Nc6 6. Nc3 Nb6 7. f4 d6 8. Nf3 g6 9. d5 Nb8 10. Bb5+ Bd7 11. e6 fxe6 12. dxe6 Bxb5 13. Nxb5 Bg7 14.
f5 gxf5 15. Ng5 O-O 16. Qh5 h6 17. Nf7 Qe8 18. Bxh6 Bxh6 19. Qxh6 Rxf7 20. Qg6+ Kf8 21. Nc7 1-0

[Event "Late-Titled-Tuesday-Blitz-January-16-2024"]
[Site "Chess.com"]
[Date "2024.01.16"]
[Round "1"]
[White "mbchess97"]
[Black "IMRosen"]
[Result "1-0"]
[WhiteElo "2394"]
[BlackElo "2664"]
[TimeControl "180+1"]
[EndTime "14:04:13 PST"]
[Termination "mbchess97 won on time"]

1. c4 e6 2. g3 d5 3. Bg2 Nf6 4.
Nf3 dxc4 5. Qa4+ c6 6. Qxc4 b5 7. Qb3 Bb7 8. O-O Nbd7 9. d4 a6 10. a4 Qb6 11. Nc3 1-0

[Event "Late-Titled-Tuesday-Blitz-January-16-2024"]
[Site "Chess.com"]
[Date "2024.01.16"]
[Round "1"]
[White "pooh2012"]
[Black "PNEPaul"]
[Result "1-0"]
[WhiteElo "2533"]
[BlackElo "1913"]
[TimeControl "180+1"]
[EndTime "14:04:16 PST"]
[Termination "pooh2012 won by resignation"]

1. d4 a6 2. a4 d6 3. Nf3 g6 4. h4 h6 5. e4 Bg7 6. c3 Nd7 7. Nbd2 e5 8. Bc4 Ne7 9. Qb3 O-O 10. Nf1 Nb6 11. Be2 Be6 12. Qc2 exd4 13. Nxd4 c5 14.
Nxe6 fxe6 15. a5 Nbc8 16. Bg4 e5 17. Qb3+ Kh7 18. Qxb7 Qe8 19. Qxa8 1-0

[Event "Late-Titled-Tuesday-Blitz-January-16-2024"]
[Site "Chess.com"]
[Date "2024.01.16"]
[Round "1"]
[White "chessisveryfun1264"]
[Black "cristiano78"]
[Result "1-0"]
[WhiteElo "2583"]
[BlackElo "2227"]
[TimeControl "180+1"]
[EndTime "14:04:17 PST"]
[Termination "chessisveryfun1264 won by resignation"]

1. Nf3 Nf6 2. g3 g6 3. Bg2 Bg7 4. O-O O-O 5. d4 c5 6. d5 d6 7. Nc3 Nbd7 8. e4 b5 9. e5 dxe5 10. Nxb5 e4 11. Ng5 Ba6 12. a4 Qb6 13. c4 Bxb5 14.
axb5 a6 15. bxa6 Rxa6 16. Rxa6 Qxa6 17. b3 Rb8 18. Nxe4 Qa2 19. Bf4 Rxb3 20. d6 Nxe4 21.
dxe7 Nef6 22. Qd6 Rb7 23. Bxb7 1-0

[Event "Late-Titled-Tuesday-Blitz-January-16-2024"]
[Site "Chess.com"]
[Date "2024.01.16"]
[Round "1"]
[White "Chempiblinka"]
[Black "aghasiyevkamal"]
[Result "0-1"]
[WhiteElo "2299"]
[BlackElo "2627"]
[TimeControl "180+1"]
[EndTime "14:04:18 PST"]
[Termination "aghasiyevkamal won by resignation"]

1. Nf3 d5 2. g3 Nf6 3. Bg2 e6 4. c4 dxc4 5. Na3 Bxa3 6. bxa3 O-O 7. a4 Nc6 8. Ba3 Re8 9. O-O e5 10. Qc2 Be6 11. Ng5 Nd4 12. Qd1 Bd5 13. e4 Bc6 14.
Re1 h6 15. Nf3 Bxe4 16. Nxd4 exd4 17. Bxe4 Nxe4 18. Rc1 Qd5 19. Qg4 Nxd2 20. Rxe8+ Rxe8 21. h4 Nf3+ 0-1

[Event "Late-Titled-Tuesday-Blitz-January-16-2024"]
[Site "Chess.com"]
[Date "2024.01.16"]
[Round "1"]
[White "Jagerrmeisterr"]
[Black "ilya2700"]
[Result "1-0"]
[WhiteElo "2707"]
[BlackElo "2386"]
[TimeControl "180+1"]
[EndTime "14:04:20 PST"]
[Termination "Jagerrmeisterr won by resignation"]

1. e4 c5 2. Nc3 e6 3. f4 d5 4. Nf3 Nf6 5. Bb5+ Nc6 6. exd5 exd5 7. O-O Bd6 8. Re1+ Be7 9. Ne5 Qb6 10. d3 O-O 11. Bxc6 bxc6 12. Qf3 c4+ 13. Be3 Qxb2 14. Nxc6 Qxc3 15. Bd4 Qa3 16. Nxe7+ Qxe7 17. Rxe7 1-0

[Event "Late-Titled-Tuesday-Blitz-January-16-2024"]
[Site "Chess.com"]
[Date "2024.01.16"]
[Round "1"]
[White "dcremisi"]
[Black "Maect19"]
[Result "0-1"]
[WhiteElo "2664"]
[BlackElo "2370"]
[TimeControl "180+1"]
[EndTime "14:04:23 PST"]
[Termination "Maect19 won by checkmate"]

1. d4 d5 2. c4 c6 3. Nc3 Nf6 4. e3 e6 5. Nf3 Nbd7 6. Qc2 Bd6 7. Bd3 O-O 8. O-O Qe7 9. Rd1 e5 10. cxd5 cxd5 11. e4 exd4 12. Nxd5 Nxd5 13. exd5 Nf6 14.
Bg5 h6 15. Bh4 Bg4 16. Be2 Rac8 17. Qd3 Rfe8 18. Bf1 g5 19. Bg3 Bxg3 20. hxg3 Nxd5 21. Qxd4 Bxf3 22. gxf3 Nb6 23. Rac1 Rxc1 24. Rxc1 Rd8 25.
Qe3 Qxe3 26. fxe3 Rd2 27. Rb1 Nd5 28. e4 Ne3 29. Bg2 Rxg2+ 30. Kh1 Rc2 31. a4 Nc4 32. b3 Nd2 33. Rd1 Nxf3 34. Rd7 Rh2# 0-1

[Event "Late-Titled-Tuesday-Blitz-January-16-2024"]
[Site "Chess.com"]
[Date "2024.01.16"]
[Round "1"]
[White "Ajedrecista3000"]
[Black "larsmandreassen"]
[Result "1-0"]
[WhiteElo "2581"]
[BlackElo "2208"]
[TimeControl "180+1"]
[EndTime "14:04:27 PST"]
[Termination "Ajedrecista3000 won by resignation"]

1. Nf3 d5 2. c4 e6 3. e3 Nf6 4. b3 b6 5. Bb2 Bb7 6. Nc3 c5 7.
cxd5 exd5 8. d4 Be7 9. Bb5+ Bc6 10. Bxc6+ Nxc6 11. O-O O-O 12. Rc1 Rc8 13. dxc5 bxc5 14.
Qe2 Qa5 15. Rfd1 Rfd8 16. Na4 c4 17. Bc3 Bb4 18. Bxf6 gxf6 19. Nh4 d4 20. Rxc4 dxe3 21. Rxd8+ Rxd8 22. Rxc6 exf2+ 23. Kf1 Qb5 24. Qxb5 Rd1+ 25. Kxf2 1-0

[Event "Late-Titled-Tuesday-Blitz-January-16-2024"]
[Site "Chess.com"]
[Date "2024.01.16"]
[Round "1"]
[White "ChessBrainiacOnTwitch"]
[Black "WindWhistler11"]
[Result "1-0"]
[WhiteElo "2811"]
[BlackElo "2446"]
[TimeControl "180+1"]
[EndTime "14:04:29 PST"]
[Termination "ChessBrainiacOnTwitch won by resignation"]

1. e4 e6 2. d4 d5 3. Nc3 Bb4 4.
e5 Ne7 5. a3 Bxc3+ 6. bxc3 c5 7. h4 Nbc6 8. h5 h6 9. Qg4 Qa5 10. Bd2 Qa4 11. Qxg7 Rg8 12. Qh7 cxd4 13. Nf3 Bd7 14. Rh4 O-O-O 15. Nxd4 Nxe5 16. Qxh6 Qxc2 17. Nxc2 1-0

[Event "Late-Titled-Tuesday-Blitz-January-16-2024"]
[Site "Chess.com"]
[Date "2024.01.16"]
[Round "1"]
[White "Ticondriul"]
[Black "Magila31"]
[Result "1-0"]
[WhiteElo "2728"]
[BlackElo "2405"]
[TimeControl "180+1"]
[EndTime "14:04:29 PST"]
[Termination "Ticondriul won by resignation"]

1. d4 Nf6 2. Nf3 g6 3. e3 Bg7 4. Be2 O-O 5. O-O d6 6. b3 c5 7. Bb2 b6 8. c4 Bb7 9. d5 Nbd7 10.
Nc3 a6 11. a4 Rb8 12. Nd2 Ne8 13. f4 Nc7 14. Qc2 b5 15. axb5 axb5 16. e4 bxc4 17. Nxc4 Na6 18. e5 Nb4 19. Qd2 dxe5 20. f5 Nf6 21. d6 exd6 22. Nxd6 1-0

[Event "Late-Titled-Tuesday-Blitz-January-16-2024"]
[Site "Chess.com"]
[Date "2024.01.16"]
[Round "1"]
[White "SergioMoralesG"]
[Black "Sargsyan_Shant"]
[Result "0-1"]
[WhiteElo "2469"]
[BlackElo "2871"]
[TimeControl "180+1"]
[EndTime "14:04:49 PST"]
[Termination "Sargsyan_Shant won by resignation"]

1. d4 g6 2. c4 Bg7 3. Nf3 d6 4. Nc3 Nf6 5. e4 O-O 6. Be2 Na6 7. O-O e5 8. Be3 Ng4 9. Bg5 f6 10. Bh4 h5 11. Rb1 g5 12. Bg3 h4 13. Nxh4 gxh4 14.
Bxg4 hxg3 15. fxg3 f5 16. exf5 exd4 17. Ne4 Nc5 18. Nf2 Bxf5 19. Bxf5 Rxf5 20. b4 Nd7 21. Qg4 Rf7 22. Ne4 Ne5 23. Qh5 Qe8 24. Qh3 Qd7 25. Rxf7 Qxf7 26. Rf1 Qg6 27. Rf5 Rf8 28. Rxf8+ Bxf8 29. Qh4 Kg7 0-1

[Event "Late-Titled-Tuesday-Blitz-January-16-2024"]
[Site "Chess.com"]
[Date "2024.01.16"]
[Round "1"]
[White "FabianoCaruana"]
[Black "anasta10"]
[Result "1-0"]
[WhiteElo "3028"]
[BlackElo "2516"]
[TimeControl "180+1"]
[EndTime "14:04:53 PST"]
[Termination "FabianoCaruana won by resignation"]

1. c4 c5 2. b3 Nf6 3. Bb2 Nc6 4. g3 g6 5. Bg2 Bg7 6. e3 O-O 7. Ne2 b6 8. O-O Bb7 9. Nbc3 e6 10. d4 cxd4 11. Nxd4 Rc8 12. Rc1 Qc7 13. Ncb5 Qb8 14. Ba3 Nxd4 15. exd4 Bxg2 16. Kxg2 Rfd8 17. Qf3 d6 18. Nc3 a6 19. Rfe1 b5 20. cxb5 axb5 21.
Bb4 d5 22. Be7 Ne4 23. Bxd8 Nxc3 24. Rxc3 Rxd8 25. Rd1 Qa7 26. Qd3 Qxa2 27. Qxb5 Qb2 28. Qd3 Rb8 29. Rdc1 h5 30. Rc8+ Rxc8 31. Rxc8+ Kh7 32.
Rc7 Kg8 33. Qf3 1-0

[Event "Late-Titled-Tuesday-Blitz-January-16-2024"]
[Site "Chess.com"]
[Date "2024.01.16"]
[Round "1"]
[White "GHANDEEVAM2003"]
[Black "KamilGrycel"]
[Result "1-0"]
[WhiteElo "2995"]
[BlackElo "2512"]
[TimeControl "180+1"]
[EndTime "14:04:53 PST"]
[Termination "GHANDEEVAM2003 won by checkmate"]

1. c4 d6 2. d4 e5 3. Nf3 e4 4.
Ng5 f5 5. Nc3 c6 6. h4 Nf6 7.
Bf4 h6 8. Nh3 Be7 9. e3 d5 10.
Qb3 O-O 11. cxd5 cxd5 12. Be5 Kh7 13. Nf4 Ng4 14. Ncxd5 Nxe5 15. dxe5 Nc6 16. O-O-O Qa5 17. Kb1 Rd8 18. Bb5 Bf8 19. Nf6+ gxf6 20. Qf7+ Bg7 21. Nh5 Rg8 22. Nxf6+ Kh8 23. Qxg8# 1-0

[Event "Late-Titled-Tuesday-Blitz-January-16-2024"]
[Site "Chess.com"]
[Date "2024.01.16"]
[Round "1"]
[White "AGW2016"]
[Black "dasatcu90"]
[Result "1-0"]
[WhiteElo "2614"]
[BlackElo "2263"]
[TimeControl "180+1"]
[EndTime "14:04:57 PST"]
[Termination "AGW2016 won on time"]

1. d4 d5 2. Nc3 c6 3. Bf4 Nf6 4. e3 Bf5 5. Bd3 Bxd3 6. cxd3 e6 7. Nf3 Bd6 8. Ne5 Bxe5 9. Bxe5 Nbd7 10. Bd6 Nf8 11. Ba3 Ng6 12. O-O Ne7 13. e4 O-O 14. h3 Re8 15. Rc1 Ng6 16. Re1 Qb8 17. e5 Nd7 18. Bd6 Qd8 19. g3 f5 20. h4 Nxh4 21. gxh4 Qxh4 22. Ne2 Qg4+ 23. Ng3 Qxd4 24. Kg2 Nf8 25.
Qh5 Ng6 26. Ne2 Qxd3 27. Rh1 Qe4+ 28. Kf1 1-0

[Event "Late-Titled-Tuesday-Blitz-January-16-2024"]
[Site "Chess.com"]
[Date "2024.01.16"]
[Round "1"]
[White "Bryanl106"]
[Black "Pachonpower"]
[Result "1-0"]
[WhiteElo "2600"]
[BlackElo "2254"]
[TimeControl "180+1"]
[EndTime "14:04:57 PST"]
[Termination "Bryanl106 won by resignation"]

1. e4 e6 2. d4 d5 3. Nd2 dxe4 4.
Nxe4 Nd7 5. Nf3 Ngf6 6. Nxf6+ Nxf6 7. c3 b6 8. Ne5 Bb7 9. Bb5+ c6 10. Bd3 Bd6 11.
Qe2 O-O 12. O-O Nd5 13. Qe4 f5 14. Qe2 c5 15. Ba6 Bxa6 16. Qxa6 Qc8 17. Qe2 cxd4 18. cxd4 a5 19. h4 Re8 20. h5 Qa6 21. Qf3 Nf6 22.
Bf4 Ne4 23. Rad1 Rac8 24. h6 g6 25. Nxg6 hxg6 26. Bxd6 Nxd6 27. Qg3 Nf7 28. Qxg6+ Kf8 29. Qg7+ Ke7 30. d5 Rg8 31. d6+ 1-0

[Event "Late-Titled-Tuesday-Blitz-January-16-2024"]
[Site "Chess.com"]
[Date "2024.01.16"]
[Round "1"]
[White "dianamirza"]
[Black "only_strong_moves"]
[Result "0-1"]
[WhiteElo "2002"]
[BlackElo "2541"]
[TimeControl "180+1"]
[EndTime "14:05:01 PST"]
[Termination "only_strong_moves won by checkmate"]

1. d4 Nf6 2. Nf3 e6 3. e3 c5 4. b3 cxd4 5. exd4 Nc6 6. Bb2 d5 7. a3 Be7 8. Bd3 Nh5 9. Ne5 Nf4 10. Qg4 Nxe5 11. dxe5 Nxd3+ 12. cxd3 O-O 13. O-O f5 14. Qh5 g6 15. Qh3 b6 16. Nd2 Ba6 17. Rac1 Qd7 18. Rc2 Rfc8 19. Rfc1 Rxc2 20. Rxc2 Rc8 21. Rxc8+ Qxc8 22. Nf3 Qc2 23. g4 Qxb2 24. gxf5 exf5 25. Nh4 Qb1+ 26. Kg2 Bxd3 27. Qg3 Bf1+ 28. Kf3 Qe4# 0-1

[Event "Late-Titled-Tuesday-Blitz-January-16-2024"]
[Site "Chess.com"]
[Date "2024.01.16"]
[Round "1"]
[White "Piotrek1979"]
[Black "Sic_Transit_GM"]
[Result "1-0"]
[WhiteElo "2394"]
[BlackElo "2682"]
[TimeControl "180+1"]
[EndTime "14:05:03 PST"]
[Termination "Piotrek1979 won by resignation"]

1. d4 d6 2. e4 Nf6 3. Nc3 e5 4. Nf3 Nbd7 5. Bc4 Be7 6. O-O O-O 7.
a4 c6 8. a5 Rb8 9. d5 c5 10.
b3 Kh8 11. Re1 g6 12. Bh6 Rg8 13. a6 b6 14. Ng5 Qe8 15. Nb5 Bf8 16. Bxf8 Qxf8 17.
Nxa7 Nh5 18. Nb5 h6 19. a7 Ra8 20. Nf3 Nf4 21. Nc7 Bb7 22. Bb5 Nf6 23. Nxa8 Bxa8 24.
Nd2 Qe7 25. Nc4 N6h5 26. Nxb6 f5 27. Nxa8 Rxa8 28. exf5 gxf5 29. g3 Qg5 30. Bc6 Nh3+ 31. Kf1 f4 32. Bxa8 fxg3 33. hxg3 Nxf2 34. Qf3 Nh3 35. Bc6 Nxg3+ 36. Qxg3 Qxg3 37. a8=Q+ Kg7 38. Ra7+ 1-0

[Event "Late-Titled-Tuesday-Blitz-January-16-2024"]
[Site "Chess.com"]
[Date "2024.01.16"]
[Round "1"]
[White "sebastianmarinp"]
[Black "MightyGMpretender"]
[Result "0-1"]
[WhiteElo "2450"]
[BlackElo "2819"]
[TimeControl "180+1"]
[EndTime "14:05:04 PST"]
[Termination "MightyGMpretender won by resignation"]

1. d4 Nf6 2. c4 g6 3. Nc3 Bg7 4. g3 O-O 5. Bg2 d6 6. Nf3 Bf5 7. O-O Ne4 8. Qb3 Nxc3 9. Qxc3 Nc6 10. Rd1 Qd7 11. Bg5 Rfe8 12. Rac1 Be4 13. Qe3 Bf5 14. a3 Rab8 15. b4 a6 16. d5 Nd8 17. Nd4 Bh3 18. Ne6 Bxe6 19. dxe6 Qxe6 20. Qa7 Qc8 21. c5 Nc6 22. Bxc6 bxc6 23. cxd6 cxd6 24. Rc2 Qf5 0-1

[Event "Late-Titled-Tuesday-Blitz-January-16-2024"]
[Site "Chess.com"]
[Date "2024.01.16"]
[Round "1"]
[White "DavidGavrilescu18"]
[Black "RCone"]
[Result "1-0"]
[WhiteElo "2767"]
[BlackElo "2428"]
[TimeControl "180+1"]
[EndTime "14:05:04 PST"]
[Termination "DavidGavrilescu18 won on time"]

1. e4 d6 2. d4 Nf6 3. Bd3 g6 4. Nf3 Bg7 5. O-O Bg4 6. Nbd2 Nc6 7.
h3 Bxf3 8. Nxf3 e5 9. c3 O-O 10.
Re1 h6 11. a4 a5 12. Bb5 exd4 13. cxd4 Nb4 14. Bd2 c6 15. Bf1 Qb6 16. Ra3 Rfe8 17.
Rae3 d5 18. e5 Ne4 19. Bc3 Rad8 20. Nd2 Nxd2 21. Qxd2 h5 22. Rf3 Re6 23. Rg3 Kh7 24. Kh1 Bh6 25. f4 c5 26. Qf2 cxd4 27. Bxd4 Qc7 28.
f5 gxf5 29. Qxf5+ Rg6 30. Rf3 Kg8 31. e6 Rxe6 32. Rxe6 fxe6 33. Qxe6+ 1-0

[Event "Late-Titled-Tuesday-Blitz-January-16-2024"]
[Site "Chess.com"]
[Date "2024.01.16"]
[Round "1"]
[White "ExchangeAB"]
[Black "rezamahdavi2008"]
[Result "0-1"]
[WhiteElo "2460"]
[BlackElo "2853"]
[TimeControl "180+1"]
[EndTime "14:05:13 PST"]
[Termination "rezamahdavi2008 won by resignation"]

1. d4 Nf6 2. c3 g6 3. Nf3 Bg7 4. Nbd2 d5 5. e3 O-O 6. Bd3 c5 7. O-O Nc6 8. dxc5 a5 9. e4 e5 10. Qe2 Re8 11. Re1 Qe7 12. exd5 Nxd5 13. Ne4 Be6 14. Nd6 Red8 15. Bc2 b6 16. Nc4 Qxc5 17. Ne3 Nf4 18. Qf1 Rd7 19. a4 Rad8 20. Qb5 Bf8 21. Qxc5 Bxc5 22. Kf1 f6 23. b3 Nd3 24. Bxd3 Rxd3 25. Nc4 Rxc3 26. Nfd2 Rxb3 0-1

[Event "Late-Titled-Tuesday-Blitz-January-16-2024"]
[Site "Chess.com"]
[Date "2024.01.16"]
[Round "1"]
[White "RamyresCoelho"]
[Black "iulik86"]
[Result "0-1"]
[WhiteElo "2254"]
[BlackElo "2597"]
[TimeControl "180+1"]
[EndTime "14:05:13 PST"]
[Termination "iulik86 won by resignation"]

1. e4 c6 2. d4 d5 3. Nc3 a6 4.
Nf3 Bg4 5. h3 Bh5 6. Be2 e6 7.
Ne5 Bxe2 8. Qxe2 Nf6 9. exd5 cxd5 10. a3 Be7 11. O-O Qb6 12. Qd3 Nc6 13. Nxc6 bxc6 14. f4 c5 15. dxc5 Bxc5+ 16. Kh2 O-O 17. g4 Qc7 18. g5 Nh5 19. Qf3 g6 20. Kg2 Ng7 21.
h4 Nf5 22. Rh1 Bd4 23. Bd2 Rab8 24. Rab1 Rfc8 25. h5 Bxc3 26. Bxc3 d4 27. hxg6 fxg6 28. Bd2 Qxc2 29. Rbd1 Ne3+ 30. Kg3 Nxd1 31. Rxd1 Rb3 0-1